 Dungeon Crawl Stone Soup version 0.29.1-1-gd02db6906a (webtiles) character file.

Game seed: 9583743991744629607

401 sanboga the Chopper (level 6, -3/56 HPs)
             Began as a Minotaur Monk on Oct 1, 2022.
             Slain by an ogre
             ... wielding a +0 giant spiked club
              (22 damage)
             ... on level 4 of the Dungeon.
             The game lasted 00:05:32 (4138 turns).

sanboga the Chopper (Minotaur Monk)                 Turns: 4138, Time: 00:05:33

Health: -3/56      AC: 11    Str: 17    XL:     6   Next: 54%
Magic:  5/5        EV:  6    Int: 13    God:
Gold:   162        SH:  0    Dex: 13    Spells: 5/5 levels left

rFire   . . .      SeeInvis .   a - +0 hand axe
rCold   + . .      Faith    .   o - orb {mayhem}
rNeg    . . .      Spirit   .   d - +0 plate armour
rPois   .          Reflect  .   (helmet restricted)
rElec   .          Harm     .   (no cloak)
rCorr   .          Rampage  .   (no gloves)
Will    .....                   (no boots)
Stlth   ..........              (no amulet)
HPRegen 0.18/turn               g - ring of protection from cold
MPRegen 0.09/turn               q - +6 ring of intelligence

@: no status effects
A: horns 2, retaliatory headbutt
a: no special abilities


You were on level 4 of the Dungeon.
You visited 1 branch of the dungeon, and saw 4 of its levels.

You collected 162 gold pieces.

Inventory:

Hand Weapons
 a - a +0 hand axe (weapon)
Armour
 d - a +0 plate armour (worn)
 o - an orb of mayhem (worn)
Jewellery
 g - a ring of protection from cold (left hand)
 q - a +6 ring of intelligence (right hand)
Scrolls
 b - a scroll of poison {unknown}
 e - a scroll of enchant weapon {unknown}
 m - a scroll of teleportation
 n - a scroll of enchant armour {unknown}
Potions
 c - 3 potions of ambrosia
 h - a potion of flight {unknown}
 i - a potion of heal wounds {unknown}
 k - a potion of mutation
 l - 2 potions of brilliance {unknown}


   Skills:
 + Level 5.4 Fighting
 * Level 6.8 Axes
 + Level 3.7 Armour
 - Level 3.2 Dodging
 - Level 1.5 Stealth


You had 5 spell levels left.
You didn't know any spells.
Your spell library contained the following spells:

 Spells                   Type           Power      Damage    Failure   Level
 Ensorcelled Hibernation  Hex/Ice        0%         N/A       100%        2
 Passwall                 Tmut/Erth      0%         N/A       100%        2
 Swiftness                Air            0%         N/A       100%        3


Dungeon Overview and Level Annotations

Branches:
Dungeon (4/15)             Temple (0/1) D:4

Altars:

Shops:
D:3 =


Innate Abilities, Weirdness & Mutations

You have a pair of horns on your head.
You reflexively headbutt those who attack you in melee.


Message History

You start resting.
You feel a little less mighty now.
An ogre comes into view. It is wielding a +0 giant spiked club.
An ogre is nearby!
An ogre is nearby!
You aren't carrying any items that you can evoke.
As you read the scroll labelled JOYKYI ZUSHREL, it crumbles to dust.
The creatures around you are filled with an inner flame!
It was a scroll of immolation.
The ogre shouts!
You aren't carrying any items that you can evoke.
Okay, then.
There is a stone staircase leading up here.
You climb upwards.
There is a stone staircase leading down here.
You start resting.
HP restored.
You climb downwards.
The ogre completely misses you. You furiously retaliate!
You headbutt the ogre, but do no damage.
There is a stone staircase leading up here.
You hit the ogre. Your headbutt misses the ogre.
The ogre is lightly wounded.
The ogre hits you with a +0 giant spiked club!
You barely miss the ogre.
The ogre is lightly wounded.
You completely miss the ogre.
The ogre is lightly wounded.
The ogre hits you with a +0 giant spiked club!
You slash the ogre!
The ogre is moderately wounded.
The ogre barely misses you.
You hit the ogre but do no damage. You headbutt the ogre!
The ogre is severely wounded.
You barely miss the ogre.
The ogre is severely wounded.
The ogre hits you with a +0 giant spiked club!
You hit the ogre. Your headbutt misses the ogre.
The ogre is almost dead.
The ogre hits you with a +0 giant spiked club!!
You die...

.. ##.. .# .. ...###.#.#
>M ⌠........# .. ..#.. #.#
..###.#.# #.# ⌠.#...#.#
#.##### ..#..O..#
#.....#####
..).....###.##..O...###
.###.#..........@.#...####
.#.#.##.##..##...........#
.....#......###.##.......#
.....#.##.#.# #.##.<.....#
#..........# #.##.......#
##..#.##.### #..........#
##.#.##.# #..#.......#
#.#.##.#####..#.......#
#.#...........####.####


You could see an ogre.

Vanquished Creatures
  Menkaure (D:4)
  Jessica (D:2)
  An iguana (D:4)
  Robin (D:2)
  8 adders
  4 gnolls
  A worm (D:2)
  3 dart slugs
  3 orcs (D:4)
  6 ball pythons
  13 endoplasms
  14 goblins
  10 hobgoblins
  7 jackals (D:2)
  6 kobolds
  2 quokkas
  3 bats
  8 frilled lizards
  7 rats
99 creatures vanquished.

Notes
Turn   | Place    | Note
-------+----------+-------------------------------------------
     0 | D:1      | sanboga the Minotaur Monk began the quest for the Orb.
     0 | D:1      | Reached XP level 1. HP: 19/19 MP: 0/0
   226 | D:1      | Reached skill level 4 in Axes
   292 | D:1      | Reached XP level 2. HP: 27/27 MP: 1/1
   341 | D:1      | Reached skill level 1 in Armour
   700 | D:1      | Reached XP level 3. HP: 33/33 MP: 2/2
   908 | D:1      | Found a faded altar of an unknown god.
  1527 | D:2      | Reached skill level 5 in Axes
  1527 | D:2      | Reached XP level 4. HP: 28/40 MP: 3/3
  1643 | D:2      | You fall into a shaft and drop 2 floors!
  1914 | D:4      | Noticed Menkaure
  2469 | D:2      | Reached XP level 5. HP: 46/47 MP: 4/4
  2566 | D:2      | Noticed Jessica
  2568 | D:2      | Noticed Robin
  2590 | D:2      | Killed Robin
  2599 | D:2      | Killed Jessica
  2600 | D:2      | Reached skill level 5 in Fighting
  2600 | D:2      | Reached skill level 6 in Axes
  3631 | D:3      | Reached XP level 6. HP: 56/56 MP: 5/5
  3744 | D:3      | Found Voarghur's Jewellery Boutique.
  3875 | D:4      | Found a staircase to the Ecumenical Temple.
  3895 | D:4      | Killed Menkaure
  4138 | D:4      | Slain by an ogre

Illustrated notes

Levels and vault maps discovered:
D:1:      reono_arrival_mine, layout_basic, dilly_ecumenical_altar_fadedgnrine,
          minmay_pentomino_x2
D:2:      layout_basic, uniq_jessica, uniq_robin
D:3:      layout_basic, serial_shops, nicolae_shop_behind_doors
D:4:      layout_loops_ring, minmay_temple_entry_junction_2, uniq_menkaure

Skill      XL: |  1  2  3  4  5 |
---------------+----------------+-----
Axes           | 4 5 6 |  6.8
Armour         | 1 2 3 |  3.7
Fighting       | 4 5 |  5.4
Dodging        | |  3.2
Stealth        | |  1.5

Action                   |  1- 3 |  4- 6 || total
-------------------------+-------+-------++-------
Melee: Hand axe          |    78 |   129 ||   207
       Headbutt          |    14 |    21 ||    35
  Use: Scroll            |       |     5 ||     5
       Potion            |       |     1 ||     1
Armor: Plate armour      |    58 |    82 ||   140
       Robe              |     1 |       ||     1
Dodge: Dodged            |    16 |    40 ||    56
